 Dungeon Crawl Stone Soup version 0.28-a0-390-gb254ac4902 (webtiles) character file.

Game seed: 16019640383149077719

8 Armakuni the Skirmisher (level 2, 14/24 HPs)
             Began as a Human Cinder Acolyte on Sept 3, 2021.
             Was a High Priest of Ignis.
             Quit the game on level 1 of the Dungeon.
             The game lasted 00:01:48 (188 turns).

Armakuni the Skirmisher (Human Cinder Acolyte)       Turns: 188, Time: 00:01:49

Health: 14/24      AC:  2    Str: 14    XL:     2   Next: 15%
Magic:  3/3        EV: 11    Int: 14    God:    Ignis [*****.]
Gold:   0          SH:  0    Dex:  8    Spells: 3/3 levels left

rFire   + . .      SeeInvis .   a - -1 mace (flame)
rCold   . . .      Faith    .   (no shield)
rNeg    . . .      Spirit   .   b - +0 robe
rPois   .          Reflect  .   (no helmet)
rElec   .          Harm     .   (no cloak)
rCorr   .          Rampage  .   (no gloves)
Will    .....                   (no boots)
Stlth   +.........              (no amulet)
HPRegen 0.08/turn               (no ring)
MPRegen 0.08/turn               (no ring)

@: no status effects
A: no striking features
a: Renounce Religion, Sea of Fire, Foxfire Swarm, Rising Flame


You were on level 1 of the Dungeon.
You worshipped Ignis.
Ignis was extremely pleased with you.
You visited 1 branch of the dungeon, and saw 1 of its levels.

Inventory:

Hand Weapons
 a - a -1 mace of flaming (weapon)
Armour
 b - a +0 robe (worn)
Potions
 e - a potion of flight {unknown}


   Skills:
 + Level 3.5 Fighting
 - Level 3.0 Maces & Flails
 - Level 1.0 Spellcasting
 - Level 3.0 Fire Magic


You had 3 spell levels left.
You didn't know any spells.
Your spell library contained the following spells:

 Spells                   Type           Power      Damage    Failure   Level
 Scorch                   Fire           18%        2d6       12%         2
 Summon Small Mammal      Summ           0%         N/A       26%         1
 Call Canine Familiar     Summ           0%         N/A       61%         3
 Summon Guardian Golem    Hex/Summ       0%         N/A       61%         3


Dungeon Overview and Level Annotations

Branches:
Dungeon (1/15)

Altars:


Message History

The endoplasm quivers.
You hit the endoplasm. You burn the endoplasm.
You kill the endoplasm!
A goblin comes into view. It is wielding a +0 club.
The goblin shouts!
The goblin closely misses you.
You miss the goblin. The goblin hits you with a +0 club.
You hit the goblin. You burn the goblin.
You kill the goblin!
You have reached level 2!
Things that are here:
a +0 club; a goblin corpse
As you read the scroll labelled DUR OTIS BON, it crumbles to dust.
Magic quickly surges around you.
It was a scroll of vulnerability.
As you read the scroll labelled UTTEXEDDIOTS, it crumbles to dust.
Wisps of shadow whirl around you...
It was a scroll of summoning.
You swap places.
Your kobold says, "Be careful!"
Your frilled lizard dissolves into shadows!
Your frilled lizard dissolves into shadows!
Your kobold dissolves into shadows!
You feel your willpower return.
You swap places.
Things that are here:
a +0 club; a goblin corpse Your rat dissolves into shadows!
An endoplasm comes into view.
The endoplasm quivers.
You hit the endoplasm but do no damage. The endoplasm hits you.
The endoplasm closely misses you.
You hit the endoplasm but do no damage. The endoplasm freezes you.
You are frozen.
You barely miss the endoplasm. The endoplasm hits you.
You hit the endoplasm. You burn the endoplasm.
The endoplasm is almost dead.
The endoplasm hits you.
You hit the endoplasm. You burn the endoplasm.
You kill the endoplasm!
Are you sure you want to abandon this character and quit the game? (Confirm with "yes".)

...#.#.#.#.#..†.#............
#.#####.........#.####.........
. #.#########†# #.........
#.##### #.####.........
#......# #..............
........ .###...#...)...
........##. #...........
#.......#.###...#.......
#@#.......########
####.######.## #....# #.#
#.#### #.# #.# ##.### #.###
#....# #...# #..#.# ####.#
#..#.# #....# ####.#


There were no monsters in sight!

Vanquished Creatures
  A ball python (D:1)
  2 endoplasms (D:1)
  A goblin (D:1)
  A kobold (D:1)
  A frilled lizard (D:1)
  A rat (D:1)
7 creatures vanquished.

Notes
Turn   | Place    | Note
-------+----------+-------------------------------------------
     0 | D:1      | Armakuni the Human Cinder Acolyte began the quest for the
                  | Orb.
     0 | D:1      | Reached XP level 1. HP: 18/18 MP: 2/2
   105 | D:1      | Reached XP level 2. HP: 20/24 MP: 3/3
   188 | D:1      | Quit the game

Illustrated notes

Levels and vault maps discovered:
D:1:      ncdulo_watergridlock, layout_basic

Action                   || total
-------------------------++-------
Melee: Mace              ||    14
  Use: Scroll            ||     2
Armor: Robe              ||     1
Dodge: Dodged            ||     2

Table legend: (Time is in decaauts)
 A = Elapsed time spent in this place.
 B = Non-inter-level travel time spent in this place.
 C = Inter-level travel time spent in this place.
 D = Time resting spent in this place.
 E = Time spent auto-exploring this place.
 F = Levels seen in this place.
 G = Mean time per level.
                   A        B        C        D        E       F      G
               +--------+--------+--------+--------+--------+-----+--------+
         Total |    192 |    192 |      0 |      0 |    129 |   1 |  192.0 |
       Dungeon |    192 |    192 |      0 |      0 |    129 |   1 |  192.0 |
               +--------+--------+--------+--------+--------+-----+--------+

Top non-repeatable levels by time:
     D:1: 192 daAuts
